 Dungeon Crawl Stone Soup version 0.28.0 (webtiles) character file.

Game seed: 993740532604893727

551 pkoi the Firebug (level 7, -4/50 HPs)
             Began as a Pale Draconian Fire Elementalist on Feb 7, 2022.
             Slain by Edmund (11 damage)
             ... on level 4 of the Dungeon.
             The game lasted 00:05:56 (4054 turns).

pkoi the Firebug (Pale Draconian Fire Elementalist) Turns: 4054, Time: 00:05:57

Health: -4/50      AC:  9    Str: 11    XL:     7   Next: 7%
Magic:  7/11       EV: 12    Int: 17    God:
Gold:   146        SH:  0    Dex: 11    Spells: 0/12 levels left

rFire   . . .      SeeInvis .   h - +0 lajatang
rCold   . . .      Faith    .   (shield currently unavailable)
rNeg    . . .      Spirit   .   (armour unavailable)
rPois   .          Reflect  .   (helmet restricted)
rElec   .          Harm     .   (no cloak)
rCorr   .          Rampage  .   (no gloves)
Will    .....                   e - +2 pair of boots
Stlth   ++........              (no amulet)
HPRegen 0.16/turn               (no ring)
MPRegen 0.12/turn               (no ring)

@: very slightly contaminated
A: breathe steam, AC +6, unfitting armour, cold-blooded, steam resistance
a: Breathe Steam


You were on level 4 of the Dungeon.
You visited 1 branch of the dungeon, and saw 5 of its levels.

You collected 146 gold pieces.

Inventory:

Hand Weapons
 c - a +0 short sword
 h - a +0 lajatang (weapon)
Armour
 e - a +2 pair of boots (worn)
Jewellery
 k - a ring of resist corrosion
Potions
 a - a potion of lignification {unknown}
 d - 3 potions of curing
 f - a potion of ambrosia
 g - 2 potions of degeneration {unknown}
 j - a potion of brilliance {unknown}


   Skills:
 - Level 1.7 Dodging
 - Level 1.7 Stealth
 - Level 3.0 Spellcasting
 + Level 4.4 Conjurations
 + Level 5.7 Fire Magic
 + Level 3.4 Air Magic


You couldn't memorise any spells.
You knew the following spells:

 Your Spells              Type           Power      Damage    Failure   Level
a - Foxfire               Conj/Fire      76%        2x1d7     2%          1
b - Swiftness             Air            14%        N/A       13%         3
c - Airstrike             Air            7%         N/A       38%         4
d - Flame Wave            Conj/Fire      19%        2d6       22%         4

Your spell library contained the following spells:

 Spells                   Type           Power      Damage    Failure   Level
 Magic Dart               Conj           68%        1d6       2%          1
 Scorch                   Fire           44%        2d7       2%          2
 Shock                    Conj/Air       60%        1d6       3%          1
 Conjure Flame            Conj/Fire      19%        6-21      6%          3
 Inner Flame              Hex/Fire       12%        N/A       16%         3
 Mephitic Cloud           Conj/Pois/Air  11%        N/A       19%         3
 Call Imp                 Summ           2%         N/A       26%         2


Dungeon Overview and Level Annotations

Branches:
Dungeon (5/15)
 Temple: D:4-7

Altars:

Annotations:
D:4 Edmund


Innate Abilities, Weirdness & Mutations

You can breathe blasts of scalding, opaque steam.
Your pale cyan-grey scales are hard. (AC +6)
You cannot fit into any form of body armour.
You are cold-blooded and may be slowed by cold attacks.
You are immune to the effects of steam.


Message History

Edmund hits you with a +5 flail of protection.
* * * LOW HITPOINT WARNING * * *
Unknown command.
You barely miss Edmund.
Edmund is heavily wounded.
Edmund hits you with a +5 flail of protection.
* * * LOW HITPOINT WARNING * * *
Aiming: Breathe Steam (1% risk of failure)
Press: ? - help, Shift-Dir - straight line, f/p - Edmund
Aim: Edmund, wielding a +5 flail of protection and wearing a +0 chain mail (heavily wounded, 79% to hit)
You exhale a blast of scalding steam.
The ball of steam hits Edmund but does no damage.
Edmund is heavily wounded.
Edmund closely misses you.
You slash Edmund!
Edmund is almost dead.
Edmund is engulfed in a cloud of scalding steam.
Edmund closely misses you.
Edmund is engulfed in a cloud of scalding steam.
Edmund closely misses you.
Unknown command.
You closely miss Edmund.
Edmund is almost dead.
Edmund closely misses you.
Unknown command.
Casting: Foxfire (safe; 2% risk of failure)
Confirm with . or Enter, or press ? or * to list all spells.
The spell is quite dangerous to miscast (22% risk of failure)!
Continue anyway?
Casting: Flame Wave (quite dangerous; 22% risk of failure)
Press: ? - help, Dir - look around, f - activate You miscast Flame Wave.
You are very lightly contaminated with residual magic.
Flames sear your flesh!
* * * LOW HITPOINT WARNING * * *
You have got your breath back.
Edmund hits you but does no damage.
You barely miss Edmund.
Edmund is almost dead.
Edmund hits you with a +5 flail of protection!
You die...

.##.##
#.#.##.#.#
(##..#
#.#.##.#.#
.###.#
#.#......#
.# #.#
#>####.###
.###.#####.#
#.# ######
...........#
#.# ..>...
####.#######
#.## .#####
#.# #..# #.#
##@# #.# #.#
#@# #.# #.#
#.# #.# #.#
#§# #.# #.#
§.# ####.#
#.# ...
....# ##.#
#..# #.#
#.<# #.#
#..#


You could see Edmund.

Vanquished Creatures
  2 water moccasins (D:5)
  A phantom (D:5)
  A scorpion (D:5)
  An orc priest (D:5)
  A jelly (D:4)
  2 orc wizards (D:5)
  3 adders
  An ufetubus (D:5)
  2 worms
  8 orcs
  6 ball pythons
  10 endoplasms
  A giant cockroach (D:3)
  2 goblins
  4 hobgoblins
  6 kobolds
  2 quokkas
  4 bats
  2 rats
59 creatures vanquished.

Vanquished Creatures (others)
  217 foxfires
217 creatures vanquished.

Grand Total: 276 creatures vanquished

Notes
Turn   | Place    | Note
-------+----------+-------------------------------------------
     0 | D:1      | pkoi the Draconian Fire Elementalist began the quest for
                  | the Orb.
     0 | D:1      | Reached XP level 1. HP: 14/14 MP: 3/3
   441 | D:1      | Reached XP level 2. HP: 20/20 MP: 3/5
  1723 | D:2      | Reached XP level 3. HP: 26/26 MP: 6/6
  2515 | D:3      | Reached XP level 4. HP: 33/33 MP: 4/8
  3021 | D:4      | Noticed an ogre
  3075 | D:4      | Noticed Edmund
  3328 | D:5      | Entered Level 5 of the Dungeon
  3331 | D:5      | Identified a scroll of acquirement
  3331 | D:5      | Acquired a book of Air
  3339 | D:5      | Reached skill level 4 in Fire Magic
  3345 | D:5      | Learned a level 3 spell: Swiftness
  3373 | D:5      | Noticed a phantom
  3383 | D:5      | Killed a phantom
  3384 | D:5      | Reached skill level 1 in Air Magic
  3384 | D:5      | Reached XP level 5. HP: 32/38 MP: 1/9
  3654 | D:5      | Noticed a water moccasin
  3656 | D:5      | Noticed a water moccasin
  3667 | D:5      | Killed a water moccasin
  3667 | D:5      | Killed a water moccasin
  3668 | D:5      | Reached skill level 5 in Fire Magic
  3668 | D:5      | Reached XP level 6. HP: 10/45 MP: 0/10
  3852 | D:5      | Your scales start taking on a pale cyan-grey colour.
  3852 | D:5      | Reached XP level 7. HP: 50/50 MP: 3/11
  3852 | D:5      | Gained mutation: You are immune to the effects of steam.
                  | [Pale Draconian growth]
  3862 | D:5      | Learned a level 4 spell: Airstrike
  3867 | D:5      | Learned a level 4 spell: Flame Wave
  4054 | D:4      | Slain by Edmund

Illustrated notes

Levels and vault maps discovered:
D:1:      lemuel_arrival_hallway, layout_loops_ring
D:2:      layout_basic, kennysheep_generic_room_13
D:3:      layout_basic, nrook_uturn
D:4:      layout_loops_ring, uniq_edmund
D:5:      layout_loops_ring, saegor_snake_ambush

Skill      XL: |  1  2  3  4  5  6 |
---------------+-------------------+-----
Conjurations   | 2 3 4 |  4.4
Spellcasting   | 3 |  3.0
Fire Magic     | 4 5 |  5.7
Air Magic      | 1 2 3 |  3.4
Dodging        | |  1.7
Stealth        | |  1.7

Action                   |  1- 3 |  4- 6 |  7- 9 || total
-------------------------+-------+-------+-------++-------
Melee: Short sword       |    33 |    14 |     6 ||    53
       Tailslap          |       |     1 |     1 ||     2
       Lajatang          |       |       |     5 ||     5
 Cast: Foxfire           |    69 |    58 |    10 ||   137
 Abil: Breathe Steam     |       |       |     3 ||     3
  Use: Scroll            |     3 |     3 |     2 ||     8
       Potion            |       |     1 |       ||     1
 Stab: Sleeping          |     2 |       |       ||     2
Armor: Skin              |     8 |    19 |     2 ||    29
Dodge: Dodged            |    24 |    27 |     8 ||    59
